Map: Rhoskallian LE

Players

qqq - Winner!

  • Race: Zerg Zerg
  • League: Platinum
  • Spawn Location: 5:00

Massa - Winner!

  • Race: Terran Terran
  • League: Platinum
  • Spawn Location: 6:00

Razaac

  • Race: Terran Terran
  • League: Diamond
  • Spawn Location: 11:00

julien

  • Race: Zerg Zerg
  • League: Diamond
  • Spawn Location: 12:00

VOD

Have the link to the VOD?

Description

Time

  • Played on: Dec. 5, 2020, 4:34 p.m.
  • Length: 10:57
Show
View Real Time Build Order
Export as new Build Order

qqq Zerg - Winner!

Build Orders: Hatch First 

Get SALT Encoding   

  12  0:01  Drone  
  13  0:08  Drone  
  14  0:21  Overlord  
  14  0:46  Hatchery  
  14  0:49  Drone  
  14  0:55  Drone  
  16  0:57  Drone  
  16  1:13  Drone  
  16  1:15  Extractor  
  16  1:22  Spawning Pool  
  16  1:24  Drone  
  16  1:36  Drone x2  
  18  1:51  Drone  
  19  1:59  Drone  
  20  2:03  Drone  
  21  2:08  Extractor  
  21  2:10  Queen  
  21  2:12  Queen  
  21  2:14  Drone  
  25  2:21  Drone  
  26  2:24  Metabolic Boost  
  26  2:31  Overlord  
  26  2:33  Drone  
  27  2:42  Drone  
  28  2:44  Overlord  
  28  2:49  Zergling x2  
  29  2:54  Zergling x4  
  29  2:55  Zergling x2  
  32  3:02  Zergling x2  
  32  3:04  Overlord  
  33  3:12  Zergling x2  
  34  3:16  Baneling Nest  
  33  3:23  Zergling x2  
  33  3:24  Zergling x8  
  38  3:32  Zergling x6  
  38  3:33  Zergling x2  
  40  3:59  Drone  
  40  4:00  Drone x2  
  43  4:08  Baneling x2  
  43  4:09  Baneling x4  
  43  4:11  Drone, Zergling x2  
  43  4:16  Overlord  
  45  4:21  Hatchery  
  32  4:54  Drone x3  
  35  5:00  Lair  
  35  5:01  Drone x2  
  35  5:02  Drone x2  
  35  5:04  Extractor  
  35  5:05  Drone x2  
  35  5:06  Drone  
  41  5:19  Baneling x3  
  41  5:22  Zergling x2  
  41  5:23  Zergling x2  
  41  5:25  Drone  
  41  5:27  Hatchery  
  43  5:32  Hatchery, Overlord  
  43  5:33  Drone  
  42  5:47  Zergling x6  
  42  5:48  Drone x3  
  42  5:49  Drone x2  
  50  5:59  Drone  
  50  6:01  Spire  
  50  6:02  Drone x2  
  52  6:05  Extractor x2  
  52  6:06  Overlord  
  52  6:08  Drone  
  51  6:11  Queen  
  53  6:32  Baneling x2  
  53  6:34  Zergling x10  
  53  6:35  Zergling x2  
  53  6:37  Drone  
  53  6:38  Drone x4  
  53  6:39  Drone x2  
  63  7:04  Spore Crawler  
  63  7:06  Drone x5  
  63  7:07  Spine Crawler, Overlord  
  63  7:08  Drone x3  
  67  7:09  Drone x6  
  75  7:31  Mutalisk x5  
  75  7:33  Drone x2  
  75  7:34  Drone x6  
  93  7:43  Extractor  
  92  7:45  Extractor  
  91  7:52  Overlord x5  
  91  7:53  Overlord  
  91  8:00  Extractor x2  
  91  8:01  Extractor  
  91  8:02  Extractor  
  91  8:05  Zerg Flyer Weapons Level 1  
  87  8:15  Drone x6  
  87  8:16  Drone x3  
  96  8:24  Mutalisk x2  
  96  8:25  Mutalisk x2  
  104  8:32  Infestation Pit  
  97  8:42  Drone  
  97  8:43  Drone, Mutalisk x3  
  94  9:01  Spore Crawler  
  94  9:02  Spore Crawler  
  86  9:03  Mutalisk x3  
  86  9:04  Mutalisk  
  86  9:05  Drone x4  
  86  9:06  Drone x5  
  100  9:31  Mutalisk x3  
  103  9:43  Drone x4  
  103  9:44  Drone x2  
  109  9:47  Drone x3  
  108  10:19  Mutalisk x2  
  108  10:20  Mutalisk  
  110  10:21  Drone x3  
  110  10:22  Drone x6  
  119  10:32  Mutalisk x2  
Show
View Real Time Build Order
Export as new Build Order

Massa Terran - Winner!

Build Orders:  

Get SALT Encoding   

  12  0:00  SCV  
  13  0:12  SCV  
  14  0:23  Supply Depot  
  14  0:24  SCV  
  15  0:37  Refinery  
  15  0:45  SCV  
  15  0:46  Barracks  
  16  0:57  SCV  
  17  1:09  SCV  
  18  1:21  SCV, Supply Depot  
  19  1:33  SCV, Reaper  
  21  1:49  Command Center  
  21  1:53  SCV  
  22  1:59  Supply Depot  
  22  2:09  Orbital Command  
  22  2:15  Marine  
  23  2:27  Factory  
  23  2:38  Barracks Reactor  
  23  2:43  SCV  
  24  2:49  Engineering Bay  
  24  2:55  SCV  
  25  3:15  Hellion  
  27  3:24  Marine  
  27  3:25  Marine  
  29  3:36  Hellion  
  30  3:42  Marine x2  
  30  3:43  Orbital Command  
  31  4:00  SCV, Marine x2  
  34  4:12  Factory Tech Lab, SCV  
  34  4:16  Missile Turret  
  35  4:18  Starport, Marine x2  
  37  4:25  SCV x2  
  37  4:29  Barracks  
  37  4:30  Barracks  
  39  4:36  Marine x2  
  39  4:37  SCV x2  
  39  4:53  Marine  
  39  4:54  Marine, Siege Tank  
  39  4:58  Medivac  
  46  5:00  SCV  
  46  5:01  SCV  
  46  5:05  Refinery  
  48  5:07  Refinery  
  48  5:09  Missile Turret  
  48  5:12  SCV  
  48  5:13  SCV, Marine x2  
  52  5:17  Barracks Tech Lab x2  
  52  5:25  SCV  
  52  5:26  SCV  
  54  5:33  Refinery  
  54  5:36  Supply Depot  
  54  5:37  Starport Reactor, Supply Depot  
  54  5:57  SCV x2, Marine x2, Siege Tank  
  54  6:01  Marauder x2  
  65  6:09  Stimpack  
  65  6:14  Missile Turret  
  65  6:15  Marine x2  
  67  6:19  Missile Turret  
  67  6:22  Marine x2  
  68  6:32  Marine x2  
  69  6:51  Marauder  
  69  6:53  Marauder  
  65  7:09  SCV x2  
  65  7:14  Medivac x2  
  69  7:21  SCV  
  70  7:25  Missile Turret, Supply Depot  
  70  7:27  Supply Depot  
  70  7:28  Refinery  
  70  7:35  Missile Turret  
  70  7:39  Combat Shield  
  70  7:47  SCV, Marauder, Marine x2, Siege Tank  
  70  7:49  SCV, Marauder, Concussive Shells  
  70  7:50  Terran Infantry Weapons Level 1, Supply Depot x2  
  81  7:57  Medivac  
  83  8:01  SCV  
  84  8:10  Marauder  
  86  8:22  SCV  
  86  8:23  SCV  
  88  8:34  SCV, Liberator x2  
  95  8:46  Missile Turret  
  76  9:11  Marauder x2, Marine x2  
  82  9:29  Marine x2  
  81  9:33  Marauder x2  
  82  9:43  Viking  
  82  9:44  Viking  
  86  9:47  Marine x2  
  88  9:54  Marauder x2  
  92  10:05  Marine  
  93  10:13  Medivac x2  
  95  10:15  Marauder  
  91  10:21  Marauder, Marine  
  91  10:23  Marine  
  91  10:29  SCV  
  91  10:30  SCV  
  91  10:34  Command Center  
  89  10:37  Barracks  
  89  10:39  Barracks  
  89  10:41  SCV  
  89  10:42  SCV  
  96  10:49  Missile Turret  
Show
View Real Time Build Order
Export as new Build Order

Razaac Terran 

Build Orders:  

Get SALT Encoding   

  12  0:01  SCV  
  13  0:13  SCV  
  14  0:18  Supply Depot  
  14  0:25  SCV  
  15  0:40  SCV  
  15  0:42  Barracks  
  16  0:49  Refinery  
  16  0:52  SCV  
  17  1:04  SCV  
  18  1:16  SCV  
  19  1:28  SCV  
  19  1:32  Reaper  
  21  1:44  Command Center  
  21  1:47  Orbital Command  
  21  2:15  Supply Depot  
  21  2:18  Reaper  
  21  2:21  Refinery  
  22  2:29  SCV  
  23  2:31  Factory  
  22  2:47  SCV  
  23  2:57  Refinery  
  23  3:02  Barracks Reactor  
  23  3:03  Barracks  
  23  3:06  SCV  
  23  3:07  Orbital Command  
  24  3:18  SCV  
  25  3:22  Factory Tech Lab  
  25  3:27  Starport  
  25  3:30  SCV  
  26  3:41  SCV  
  27  3:42  SCV  
  27  3:57  Marine x2  
  27  4:01  SCV x2  
  31  4:04  Stimpack  
  31  4:05  Marine  
  31  4:06  Bunker  
  34  4:15  SCV x2, Marine x2  
  38  4:20  Factory Tech Lab  
  38  4:22  Marine, Viking  
  39  4:27  SCV  
  39  4:29  Supply Depot  
  40  4:31  SCV  
  40  4:33  Marine x2  
  43  4:39  SCV  
  43  4:42  Supply Depot  
  43  4:43  SCV  
  45  4:59  Medivac  
  47  5:02  Marine x3  
  50  5:08  SCV x2  
  52  5:20  Marine  
  53  5:26  SCV x2, Barracks  
  53  5:28  Barracks  
  55  5:31  Command Center, Medivac  
  57  5:41  Siege Tank  
  57  5:42  SCV x2  
  62  5:44  Combat Shield  
  62  5:54  Supply Depot  
  62  6:00  Supply Depot  
  62  6:02  Starport Reactor  
  62  6:08  Supply Depot  
  62  6:15  SCV x2, Marine x3  
  62  6:17  Barracks Reactor x2  
  67  6:31  Engineering Bay  
  67  6:42  Marine x2  
  59  7:06  SCV x2  
  57  7:19  Marine x3  
  57  7:20  Marine x2  
  62  7:25  Marine x2  
  64  7:36  Orbital Command  
  64  7:37  Marine x3  
  64  7:38  Marine x2  
  64  7:43  Marine x2  
  71  7:47  SCV x2  
  71  7:48  Engineering Bay  
  71  7:49  Engineering Bay  
  67  7:51  Medivac x2  
  73  7:54  Concussive Shells  
  73  7:55  Marine, Siege Tank  
  81  8:05  Barracks  
  81  8:06  Barracks  
  81  8:08  Marine x5  
  81  8:09  Marine  
  87  8:18  Terran Infantry Weapons Level 1  
  87  8:21  Terran Infantry Armor Level 1, Barracks  
  87  8:22  Barracks  
  87  8:23  Orbital Command  
  87  8:25  Barracks  
  87  8:27  Armory  
  87  8:29  Refinery  
  87  8:33  SCV x2  
  89  8:35  Marine x4  
  93  8:42  Supply Depot  
  91  8:58  Marine x2  
  91  9:08  Marine  
  82  9:16  Siege Tank  
  85  9:17  SCV x3  
  85  9:19  Marine x3  
  85  9:20  Missile Turret  
  85  9:21  Barracks Reactor x2  
  73  9:41  SCV x2  
  73  9:43  Marine x6  
  79  9:47  SCV  
  78  9:53  SCV  
  60  10:11  Marine  
  56  10:18  Marine  
  46  10:22  Marine  
  46  10:24  Marine x8  
  46  10:26  Viking x2  
  57  10:29  Marine  
  57  10:35  SCV x2, Missile Turret  
  61  10:36  Marine  
Show
View Real Time Build Order
Export as new Build Order

julien Zerg 

Build Orders: Hatch First, Muta Ling Bane 

Get SALT Encoding   

  12  0:00  Drone  
  13  0:13  Overlord  
  13  0:19  Drone  
  14  0:31  Drone x2  
  16  0:36  Drone  
  17  0:54  Hatchery  
  16  0:58  Drone  
  16  1:00  Drone  
  18  1:14  Spawning Pool  
  18  1:17  Extractor  
  16  1:20  Drone  
  16  1:23  Drone  
  18  1:30  Drone  
  19  1:41  Overlord  
  19  2:03  Queen  
  19  2:06  Queen  
  23  2:10  Drone  
  23  2:12  Zergling x2  
  23  2:13  Zergling x4  
  27  2:19  Metabolic Boost  
  27  2:21  Overlord  
  27  2:32  Zergling x4  
  29  2:39  Zergling x4  
  31  2:46  Overlord  
  31  2:57  Zergling x4  
  32  3:14  Zergling x4  
  34  3:23  Zergling x10  
  34  3:24  Zergling x6  
  37  3:45  Zergling x6  
  40  4:00  Baneling Nest  
  38  4:03  Drone x4  
  38  4:07  Zergling x4  
  38  4:08  Zergling x4  
  46  4:21  Extractor  
  46  4:23  Drone  
  46  4:24  Drone x2  
  48  4:25  Overlord  
  48  4:26  Overlord  
  48  4:35  Lair  
  32  4:47  Zergling x8  
  32  4:48  Zergling x2  
  37  4:54  Baneling x3  
  37  4:55  Baneling  
  37  4:59  Baneling x2  
  37  5:20  Drone x6  
  43  5:26  Baneling x2  
  43  5:27  Baneling  
  43  5:31  Extractor  
  42  5:36  Extractor  
  42  5:38  Drone  
  42  5:40  Drone x3  
  44  5:44  Drone x3  
  47  5:54  Drone x2  
  49  5:58  Drone  
  49  6:04  Spire  
  49  6:05  Drone  
  49  6:06  Drone x5  
  49  6:10  Burrow  
  54  6:22  Drone  
  55  6:27  Spore Crawler  
  54  6:37  Drone  
  54  6:38  Drone  
  56  6:40  Overlord x4  
  56  6:42  Spore Crawler  
  52  7:10  Centrifical Hooks  
  52  7:23  Mutalisk  
  52  7:24  Mutalisk x8  
  70  7:32  Hatchery  
  70  7:35  Drone x4  
  73  7:43  Zerg Flyer Weapons Level 1  
  73  7:53  Mutalisk x2  
  77  8:16  Mutalisk x2  
  81  8:27  Extractor  
  81  8:28  Extractor  
  75  9:00  Mutalisk x3  
  75  9:01  Mutalisk  
  83  9:08  Drone  
  83  9:09  Drone x2  
  86  9:12  Spore Crawler  
  86  9:13  Drone x5  
  86  9:14  Drone  
  86  9:15  Queen  
  91  9:43  Mutalisk x2  
  91  9:44  Mutalisk x4  
  103  9:50  Queen  
  103  9:54  Overlord x3  
  103  9:55  Spore Crawler  
  101  10:10  Queen  
Tags
 
Add a new tag
Caveats
  • Supply blocks, unpowered buildings, or Contaminate may cause inaccurate times.
  • Supply counts are checked every 10 seconds.